Map: Galactic Process LE

Players

Onaibrum

  • Race: Zerg Zerg
  • League: Master

OneTrickPony - Winner!

  • Race: Protoss Protoss
  • League: Diamond

VOD

Have the link to the VOD?

Description

Time

  • Played on: Aug. 26, 2016, 11:46 p.m.
  • Length: 25:29
Show
View Real Time Build Order
Export as new Build Order

Onaibrum Zerg 

Build Orders: Pool First 

Get SALT Encoding   

  12  0:01  Drone  
  13  0:10  Extractor  
  12  0:26  Spawning Pool  
  11  0:29  Drone  
  11  0:34  Drone  
  13  0:41  Drone  
  14  0:52  Overlord  
  14  1:13  Zergling x6  
  14  1:16  Metabolic Boost  
  17  1:24  Zergling x2  
  18  1:35  Zergling x2  
  19  1:47  Zergling x2  
  20  1:56  Zergling x2  
  21  2:07  Zergling x2  
  20  2:23  Zergling x2  
  20  2:28  Zergling x2  
  21  2:39  Zergling x2  
  21  2:41  Hatchery  
  19  3:12  Zergling x6  
  19  3:16  Queen  
  19  3:37  Zergling x4  
  21  3:45  Zergling x2  
  20  3:57  Zergling x4  
  22  4:08  Baneling Nest  
  22  4:09  Queen  
  23  4:11  Zergling x4  
  26  4:24  Zergling x4  
  26  4:30  Zergling x4  
  28  4:37  Overlord  
  28  4:40  Overlord  
  28  4:53  Baneling x3  
  28  4:54  Baneling x2  
  28  4:55  Baneling  
  28  4:57  Zergling x8  
  28  4:59  Zergling x2  
  33  5:12  Zergling x8  
  29  5:37  Zergling x10  
  33  5:44  Zergling x8  
  34  5:52  Zergling x2  
  27  6:10  Zergling x8  
  29  6:24  Baneling x2  
  25  6:26  Zergling x8  
  24  6:48  Zergling x10  
  28  6:58  Zergling x4  
  24  7:24  Zergling x12  
  29  7:34  Drone  
  29  7:35  Drone  
  31  7:37  Drone  
  32  7:51  Baneling x2  
  32  7:57  Drone  
  33  8:04  Baneling  
  33  8:08  Zergling x8  
  37  8:18  Spore Crawler  
  22  9:02  Zergling x4  
  22  9:03  Zergling x16, Spine Crawler  
  29  9:15  Drone x3  
  29  9:40  Zergling x12  
  34  10:02  Baneling x5  
  24  10:36  Zergling x20  
  34  10:44  Baneling x2  
  34  10:49  Drone x2  
  36  10:50  Queen  
  38  11:04  Spine Crawler  
  37  11:07  Spore Crawler  
  35  11:25  Drone  
  35  11:26  Drone x5  
  39  11:45  Extractor  
  36  11:54  Drone x3  
  36  11:55  Drone  
  36  11:56  Drone  
  41  12:15  Extractor  
  41  12:16  Extractor, Drone x3  
  41  12:17  Drone x2  
  41  12:19  Overlord x2  
  40  12:39  Drone  
  40  12:40  Drone x2  
  40  12:41  Drone x2  
  40  12:42  Drone x2  
  47  12:49  Lair  
  45  13:07  Queen  
  45  13:09  Zergling x14  
  54  13:16  Baneling x7  
  54  13:21  Zergling x4  
  55  13:40  Zergling x2  
  44  13:58  Zergling x14  
  44  13:59  Zergling x2  
  52  14:06  Overlord  
  50  14:19  Spire, Queen  
  51  14:24  Queen  
  53  14:43  Hatchery  
  50  15:12  Drone x2  
  50  15:13  Overlord  
  50  15:14  Overlord, Spore Crawler  
  51  15:22  Zergling x14  
  58  15:40  Mutalisk  
  58  15:41  Mutalisk x3  
  66  15:45  Mutalisk x2  
  70  15:55  Baneling x2  
  58  16:23  Mutalisk x2  
  58  16:24  Mutalisk x5  
  72  16:40  Evolution Chamber  
  71  17:03  Mutalisk x2  
  71  17:04  Mutalisk x3  
  71  17:08  Overlord  
  81  17:43  Mutalisk x4  
  81  17:44  Mutalisk x2  
  81  17:46  Overlord  
  81  17:47  Overlord  
  89  18:01  Zergling x2  
  90  18:15  Mutalisk x3  
  96  18:27  Queen  
  96  18:30  Zergling x16  
  96  18:32  Overlord x2  
  106  18:38  Zerg Melee Weapons Level 1  
  104  19:05  Mutalisk x3  
  104  19:08  Zergling x22  
  119  19:29  Mutalisk  
  119  19:39  Overlord x3  
  111  20:02  Zergling x18  
  118  20:21  Extractor  
  118  20:22  Drone x3  
  118  20:23  Extractor  
  119  20:45  Hydralisk Den  
  119  20:47  Drone x2  
  119  20:49  Drone x5  
  125  20:50  Drone, Hatchery  
  125  20:51  Drone x2  
  125  20:52  Overlord  
  125  20:54  Overseer  
  127  21:14  Baneling x4  
  127  21:15  Baneling  
  127  21:18  Zergling x8  
  127  21:19  Zergling x4  
  127  21:24  Lurker Den  
  129  21:41  Hydralisk x3  
  82  22:06  Hydralisk x4  
  82  22:07  Hydralisk x2  
  72  22:22  Hydralisk x4  
  48  23:01  Hydralisk x2  
  48  23:02  Hydralisk x8  
  58  23:14  Zergling x10  
  34  23:42  Hydralisk x4  
Show
View Real Time Build Order
Export as new Build Order

OneTrickPony Protoss - Winner!

Build Orders:  

Get SALT Encoding   

  12  0:01  Probe (Chrono Boost)  
  13  0:11  Probe (Chrono Boost)  
  14  0:18  Pylon  
  14  0:22  Probe (Chrono Boost)  
  15  0:36  Probe (Chrono Boost)  
  15  0:39  Gateway  
  16  0:47  Assimilator  
  16  0:48  Probe (Chrono Boost)  
  17  0:58  Probe (Chrono Boost)  
  18  1:09  Probe (Chrono Boost)  
  19  1:19  Probe (Chrono Boost)  
  20  1:26  Zealot  
  20  1:31  Probe (Chrono Boost)  
  23  1:34  Pylon  
  22  1:42  Gateway  
  22  1:43  Cybernetics Core  
  22  1:49  Zealot  
  22  1:52  Probe (Chrono Boost)  
  25  1:59  Assimilator  
  25  2:05  Pylon  
  25  2:12  Probe (Chrono Boost)  
  25  2:13  Zealot  
  28  2:28  Mothership Core (Chrono Boost)  
  30  2:48  Probe (Chrono Boost)  
  29  2:52  Pylon  
  29  2:57  Zealot  
  25  3:12  Probe (Chrono Boost)  
  24  3:20  Stargate  
  24  3:25  Adept  
  24  3:31  Pylon  
  23  3:47  Pylon  
  23  3:50  Probe (Chrono Boost)  
  24  3:57  Adept  
  27  4:03  Probe (Chrono Boost), Oracle  
  27  4:04  Warp Gate  
  30  4:15  Probe (Chrono Boost)  
  31  4:23  Pylon  
  31  4:27  Probe (Chrono Boost)  
  32  4:34  Oracle  
  33  4:39  Probe (Chrono Boost)  
  36  4:52  Adept x2  
  40  5:07  Pylon  
  40  5:35  Oracle  
  31  5:52  Probe (Chrono Boost)  
  27  6:07  Probe (Chrono Boost)  
  27  6:19  Probe (Chrono Boost)  
  26  6:26  Adept  
  26  6:27  Adept  
  26  6:31  Probe (Chrono Boost)  
  26  6:43  Probe (Chrono Boost)  
  25  6:51  Adept x2  
  30  6:55  Probe (Chrono Boost)  
  29  7:07  Probe (Chrono Boost)  
  30  7:19  Probe (Chrono Boost)  
  31  7:31  Probe (Chrono Boost)  
  31  7:37  Pylon  
  31  7:55  Probe (Chrono Boost)  
  32  8:06  Probe (Chrono Boost)  
  33  8:16  Probe (Chrono Boost)  
  35  8:27  Probe (Chrono Boost)  
  35  8:34  Adept x2  
  39  8:42  Probe (Chrono Boost)  
  39  8:52  Probe (Chrono Boost)  
  39  8:58  Pylon  
  39  9:16  Probe (Chrono Boost)  
  40  9:17  Adept x2  
  44  9:27  Probe (Chrono Boost)  
  45  9:36  Pylon  
  45  9:37  Probe (Chrono Boost)  
  46  9:48  Probe (Chrono Boost)  
  47  10:02  Adept  
  47  10:05  Oracle  
  48  10:34  Probe (Chrono Boost)  
  37  10:44  Probe (Chrono Boost)  
  37  10:48  Gateway  
  38  10:50  Oracle  
  38  10:55  Probe (Chrono Boost)  
  42  11:17  Nexus  
  42  11:19  Sentry  
  42  11:20  Sentry  
  46  11:30  Probe (Chrono Boost)  
  47  11:41  Probe (Chrono Boost)  
  47  11:43  Pylon  
  47  11:45  Pylon  
  48  11:51  Probe (Chrono Boost)  
  49  11:55  Gateway  
  49  11:58  Sentry  
  51  12:03  Sentry  
  53  12:16  Probe (Chrono Boost)  
  54  12:28  Assimilator  
  54  12:44  Adept x2  
  56  12:45  Sentry  
  60  13:06  Probe (Chrono Boost)  
  60  13:10  Gateway  
  62  13:12  Probe (Chrono Boost)  
  62  13:16  Probe (Chrono Boost)  
  62  13:18  Sentry x2  
  62  13:19  Adept  
  69  13:23  Probe (Chrono Boost)  
  60  13:54  Probe (Chrono Boost)  
  46  14:02  Probe (Chrono Boost)  
  46  14:04  Assimilator  
  46  14:15  Sentry x4  
  52  14:18  Probe (Chrono Boost)  
  52  14:21  Void Ray  
  57  14:26  Robotics Facility  
  57  14:38  Sentry  
  59  14:42  Adept x4  
  67  14:50  Probe (Chrono Boost)  
  67  14:52  Pylon  
  68  14:59  Twilight Council  
  68  15:11  Adept x3  
  68  15:12  Adept x2  
  78  15:17  Probe x2 (Chrono Boost)  
  80  15:30  Phoenix  
  82  15:39  Stargate  
  82  15:50  Nexus  
  82  15:55  Adept  
  84  16:03  Adept  
  86  16:22  Pylon  
  86  16:36  Phoenix  
  86  16:38  Pylon  
  86  16:39  Phoenix  
  92  16:40  Probe (Chrono Boost)  
  92  16:41  Probe (Chrono Boost)  
  92  16:45  Gateway  
  92  16:50  Probe (Chrono Boost)  
  93  16:55  Resonating Glaives  
  93  17:00  Templar Archives  
  93  17:04  Probe (Chrono Boost)  
  93  17:06  Probe (Chrono Boost)  
  97  17:16  Forge  
  97  17:20  Phoenix, Pylon  
  97  17:32  Phoenix  
  97  17:39  Pylon  
  93  17:44  Phoenix  
  95  17:52  Photon Cannon  
  95  17:56  Photon Cannon  
  89  17:59  Photon Cannon  
  89  18:02  Phoenix  
  91  18:06  Phoenix  
  90  18:20  Photon Cannon  
  90  18:23  Photon Cannon  
  90  18:25  Phoenix, Assimilator  
  90  18:29  Protoss Ground Weapons Level 1, Assimilator  
  90  18:33  Phoenix  
  94  18:54  Phoenix  
  96  19:15  Pylon  
  87  19:25  Photon Cannon  
  87  19:26  High Templar x3  
  93  19:44  Photon Cannon  
  93  19:45  Probe x2 (Chrono Boost)  
  94  19:46  Probe (Chrono Boost)  
  94  19:48  High Templar  
  95  20:00  High Templar x2  
  95  20:01  Stalker  
  101  20:09  Archon  
  101  20:10  Archon  
  97  20:22  Probe (Chrono Boost)  
  98  20:29  Gateway x2  
  98  20:32  Gateway  
  98  20:34  Gateway  
  98  20:35  High Templar  
  100  20:42  Pylon  
  100  20:43  Pylon  
  100  20:44  Pylon  
  100  20:45  Nexus  
  100  20:48  Pylon  
  100  20:55  Photon Cannon  
  100  21:03  High Templar  
  102  21:04  High Templar, Zealot  
  104  21:24  Photon Cannon  
  104  21:26  Photon Cannon  
  104  21:28  Photon Cannon  
  104  21:30  Photon Cannon  
  104  21:32  Pylon  
  104  21:36  Photon Cannon  
  102  21:42  Archon, Psionic Storm  
  102  21:43  Archon  
  102  21:46  Pylon, Stalker x4  
  84  22:10  Assimilator  
  84  22:14  High Templar x2, Assimilator  
  84  22:15  High Templar x2  
  90  22:16  Photon Cannon, Zealot  
  90  22:17  Pylon  
  90  22:18  Adept  
  94  22:52  Stalker  
  94  22:53  Stalker x6  
  104  23:32  Stalker x6  
  98  24:12  Robotics Facility  
  98  24:14  Robotics Facility  
  96  24:36  Stalker x2  
  96  24:37  Zealot, Stalker  
  96  24:38  Zealot x4  
  104  25:14  Robotics Bay  
Tags
 
Add a new tag
Caveats
  • Supply blocks, unpowered buildings, or Contaminate may cause inaccurate times.
  • Supply counts are checked every 10 seconds.